 Dungeon Crawl Stone Soup version 0.30-b1-2-g02819fbbbe (webtiles) character file.

Game seed: 12384906390373529584

158 magipi the Digger (level 5, -7/28 HPs)
             Began as a Gargoyle Earth Elementalist on June 4, 2023.
             Mangled by a wight
             ... wielding a +0 morningstar
              (12 damage)
             ... on level 2 of the Dungeon.
             The game lasted 00:06:35 (1650 turns).

magipi the Digger (Gargoyle Earth Elementalist)     Turns: 1650, Time: 00:06:36

Health: -7/28      AC:  7    Str: 12    XL:     5   Next: 39%
Magic:  0/9        EV: 11    Int: 17    God:
Gold:   146        SH:  0    Dex: 10    Spells: 3/9 levels left

rFire   . . .        a - +0 dagger
rCold   . . .        (no shield)
rNeg    + . .        f - +0 robe
rPois   ∞            c - +0 helmet
rElec   +            (no cloak)
rCorr   .            (no gloves)
SInv    .            (no boots)
Will    .....        r - amulet of the acrobat
Stlth   ++           (no ring)
HPRegen 0.24/turn    (no ring)
MPRegen 0.11/turn

%: acrobat
@: no status effects
A: sickness immunity, AC +4, negative energy resistance 1, electricity
resistance, torment resistance 1, petrification resistance
a: no special abilities


You were on level 2 of the Dungeon.
You visited 1 branch of the dungeon, and saw 3 of its levels.

You collected 146 gold pieces.

Inventory:

Hand Weapons
 a - a +0 dagger (weapon)
   (You took it off a goblin on level 1 of the Dungeon)
Missiles
 h - 2 boomerangs (quivered)
Armour
 c - a +0 helmet (worn)
   (You found it on level 1 of the Dungeon)
 f - a +0 robe (worn)
Jewellery
 r - an amulet of the acrobat (around neck)
   (You found it on level 1 of the Dungeon)
Wands
 l - a wand of roots (8)
   (You found it on level 2 of the Dungeon)
Scrolls
 e - 4 scrolls of identify {unknown}
 g - a scroll of magic mapping {unknown}
 i - 3 scrolls of enchant weapon {unknown}
 k - a scroll of fog {unknown}
Potions
 b - a potion of magic
 d - a potion of might {unknown}
 j - a potion of degeneration {unknown}
 m - a potion of attraction {unknown}
 n - a potion of curing {unknown}


   Skills:
 - Level 1.5 Dodging
 - Level 2.1 Stealth
 + Level 2.9 Spellcasting
 * Level 2.3 Conjurations
 - Level 2.0 Transmutations
 + Level 5.0 Earth Magic


You had 3 spell levels left.
You knew the following spells:

 Your Spells              Type           Power      Damage    Failure   Level
e - Sandblast             Erth           38%        2d10      2%          1
s - Stone Arrow           Conj/Erth      30%        3d8       12%         3
w - Passwall              Tmut/Erth      11%        N/A       6%          2

Your spell library contained the following spells:

 Spells                   Type           Power      Damage    Failure   Level
 Wereblood                Tmut           9%         N/A       12%         2
 Petrify                  Tmut/Erth      14%        N/A       38%         4
 Animate Armour           Summ/Erth      22%        N/A       52%         4
 Summon Hydra             Summ           1%         N/A       100%        7
 Lehudib's Crystal Spear  Conj/Erth      7%         10d3      100%        8
 Sublimation of Blood     Necr           Unusable   N/A       N/A         2

Dungeon Overview and Level Annotations

Branches:
Dungeon (3/15)

Altars:


Innate Abilities, Weirdness & Mutations

You are immune to sickness and miasma.
Your stone body is resilient. (AC +4)
You are immune to poison.
You resist negative energy. (rN+)
You are resistant to electric shocks. (rElec)
You are resistant to unholy torment.
You are immune to petrification.


Message History

Aim: a wight, wielding a +0 morningstar and wearing a +0 robe (moderately damaged, 82% to hit)
The blast of sand hits the wight but does no damage.
The wight is moderately damaged.
The wight barely misses you. The wight attacks as you move away!
The wight hits you with a +0 morningstar.
The wight attacks as you move away! The wight closely misses you.
The wight attacks as you move away! The wight completely misses you.
The wight attacks as you move away! The wight completely misses you.
The wight attacks as you move away! The wight closely misses you.
The wight attacks as you move away! The wight completely misses you.
The wight attacks as you move away! The wight completely misses you.
Casting: Sandblast (safe; 2% risk of failure)
Confirm with . or Enter, or press ? or * to list all spells.
Aiming: Sandblast (safe; 2% risk of failure)
Press: ? - help, Shift-Dir - straight line, f/p - wight
Aim: a wight, wielding a +0 morningstar and wearing a +0 robe (moderately damaged, 82% to hit)
The blast of sand hits the wight!
The wight is almost destroyed.
The wight misses you. The wight barely misses you.
Casting: Sandblast (safe; 2% risk of failure)
Confirm with . or Enter, or press ? or * to list all spells.
Aiming: Sandblast (safe; 2% risk of failure)
Press: ? - help, Shift-Dir - straight line, f/p - wight
Aim: a wight, wielding a +0 morningstar and wearing a +0 robe (almost destroyed, 82% to hit)
The blast of sand misses the wight.
The wight hits you with a +0 morningstar!
Ouch! That really hurt!
The wight attacks as you move away!
The wight hits you with a +0 morningstar!
* * * LOW HITPOINT WARNING * * *
Casting: Sandblast (safe; 2% risk of failure)
Confirm with . or Enter, or press ? or * to list all spells.
Aiming: Sandblast (safe; 2% risk of failure)
Press: ? - help, Shift-Dir - straight line, f/p - wight
Aim: a wight, wielding a +0 morningstar and wearing a +0 robe (almost destroyed, 82% to hit)
The blast of sand hits the wight.
The wight is almost destroyed.
The wight hits you with a +0 morningstar!
You die...

.......##....# #...#..## #####
####..###....# ###.#..#..###....
#.## ##...# ##...##.##)#...###
#(# #...# #..###........#### #.#
##...# #.## #....#.#.##.. #.#
##..### #.# #..###.#..>..
####.###..######.# #..###.###...
.....(....###....# #............
...........##...@# #..###..###..
............#[..z# ##.# ##.# #..
...>........#)...#####.####.# #..
............#...............###..
............#...######.###.......
............#...# ###.###.......
............#...# #.....#...#.#.
...........##...# #.............
...(#.....####### #.....###.....


You could see a wight.

Vanquished Creatures
  A wight (D:3)
  Terence (D:2)
  2 adders (D:2)
  A worm (D:3)
  2 dart slugs (D:1)
  2 ball pythons (D:1)
  3 bats
  3 endoplasms
  2 giant cockroaches (D:1)
  6 goblins
  6 hobgoblins
  2 jackals (D:1)
  6 quokkas
  A frilled lizard (D:2)
  6 kobolds
  6 rats
50 creatures vanquished.

Notes
Turn   | Place    | Note
-------+----------+-------------------------------------------
     0 | D:1      | magipi the Gargoyle Earth Elementalist began the quest for
                  | the Orb.
     0 | D:1      | Reached XP level 1. HP: 10/10 MP: 3/3
   109 | D:1      | Reached skill level 1 in Transmutations
   138 | D:1      | Reached skill level 4 in Earth Magic
   138 | D:1      | Reached XP level 2. HP: 15/15 MP: 0/5
   146 | D:1      | Learned a level 2 spell: Passwall
   591 | D:1      | Reached XP level 3. HP: 19/19 MP: 3/6
   913 | D:2      | Learned a level 3 spell: Stone Arrow
  1150 | D:2      | Reached skill level 1 in Conjurations
  1150 | D:2      | Reached XP level 4. HP: 24/24 MP: 3/7
  1456 | D:2      | Noticed Terence
  1464 | D:2      | Killed Terence
  1605 | D:3      | Reached skill level 5 in Earth Magic
  1605 | D:3      | Reached XP level 5. HP: 26/28 MP: 3/9
  1650 | D:2      | Mangled by a wight

Illustrated notes

Levels and vault maps discovered:
D:1:      heliophobic_arrival_glass_houses, layout_loops_cross,
          chequers_serial_rivers_micro_e, hangedman_decor_growths,
          minmay_close_crescents
D:2:      layout_rooms, uniq_terence
D:3:      layout_loops_ring, kennysheep_generic_room_13

Skill      XL: |  1  2  3  4 |
---------------+-------------+-----
Transmutations | 1 2 |  2.0
Earth Magic    | 4 5 |  5.0
Conjurations   | 1 2 |  2.3
Dodging        | |  1.5
Stealth        | |  2.1
Spellcasting   | |  2.9

Action                     |  1- 3 |  4- 6 || total
---------------------------+-------+-------++-------
  Melee: Dagger            |     7 |       ||     7
         Falchion          |     1 |       ||     1
   Cast: Sandblast         |    50 |    29 ||    79
         Passwall          |     1 |       ||     1
  Evoke: Wand              |       |     1 ||     1
   Stab: Sleeping          |     1 |       ||     1
 Armour: Robe              |    13 |     1 ||    14
  Dodge: Dodged            |    18 |    27 ||    45

Action                     |  1- 3 |  4- 6 || total
---------------------------+-------+-------++-------
  Melee: Dagger            |     7 |       ||     7
         Falchion          |     1 |       ||     1
   Cast: Sandblast         |    50 |    29 ||    79
         Passwall          |     1 |       ||     1
  Evoke: Wand              |       |     1 ||     1
   Stab: Sleeping          |     1 |       ||     1
 Armour: Robe              |    13 |     1 ||    14
  Dodge: Dodged            |    18 |    27 ||    45
